 Dungeon Crawl Stone Soup version 0.20-a0-738-gb057e68 (webtiles) character file.

335 polly the Slasher (level 6, -2/53 HPs)
             Began as a Draconian Berserker on Feb 24, 2017.
             Was a Believer of Trog.
             Slain by an orc
             ... wielding a +0 morningstar
              (15 damage)
             ... on level 3 of the Dungeon.
             The game lasted 00:02:06 (1677 turns).

polly the Slasher (Draconian Berserker)             Turns: 1677, Time: 00:02:07

Health: -2/53      AC:  7    Str: 20    XL:     6   Next: 28%
Magic:  6/6        EV: 13    Int:  7    God:    Trog [**....]
Gold:   106        SH:  0    Dex: 12    Spells: 5/5 levels left

rFire    . . .     SeeInvis .   a - +0 falchion
rCold    . . .     Gourm    .   (armour unavailable)
rNeg     . . .     Faith    .   (no shield)
rPois    .         Spirit   .   (helmet restricted)
rElec    .         Reflect  .   (no cloak)
rCorr    .         Harm     .   n - +0 pair of gloves
MR       +....                  (no boots)
Stlth    ++........             (no amulet)
Regen    0.2/turn               (no ring)
MPRegen  0.1/turn               p - ring of protection from magic

@: no status effects
A: unfitting armour, cold-blooded, AC +6
a: Berserk, Trog's Hand, Burn Spellbooks, Renounce Religion


You were on level 3 of the Dungeon.
You worshipped Trog.
Trog was pleased with you.
You were hungry.

You visited 1 branch of the dungeon, and saw 3 of its levels.

You collected 106 gold pieces.

Inventory:

Hand Weapons
 a - a +0 falchion (weapon)
Armour
 n - a +0 pair of gloves (worn)
Jewellery
 p - a ring of protection from magic (left hand)
Wands
 q - a wand of acid (9/15)
Scrolls
 c - a scroll of immolation {unknown}
 d - a scroll of amnesia {unknown}
 f - a scroll of teleportation {unknown}
 h - a scroll of enchant armour {unknown}
 j - a scroll of remove curse {unknown}
 l - 2 scrolls of identify {unknown}
Potions
 e - a potion of heal wounds {unknown}
 k - a potion of haste {unknown}
 m - a potion of berserk rage {unknown}
 o - 2 potions of curing {unknown}
Comestibles
 b - 4 bread rations
 g - 2 meat rations
 i - a fruit


   Skills:
 + Level 4.5 Fighting
 + Level 5.5 Long Blades
 + Level 3.9 Dodging
 + Level 1.0 Stealth


You had 5 spell levels left.
You didn't know any spells.

Dungeon Overview and Level Annotations

Branches:
Dungeon (3/15)

Altars:
Qazlal
Uskayaw
Xom


Innate Abilities, Weirdness & Mutations

Your plain brown scales are hard. (AC +6)
You cannot fit into any form of body armour.
You are cold-blooded and may be slowed by cold attacks.


Message History

The gnoll is moderately wounded.
The gnoll hits you with a club!
* * * LOW HITPOINT WARNING * * *
You closely miss the gnoll.
The gnoll is moderately wounded.
The gnoll barely misses you.
You riposte.
You slash the gnoll!
You kill the gnoll!
Trog accepts your kill. The kobold closely misses you.
The orc barely misses you.
You riposte.
You hit the orc. You tail-slap the orc.
The orc is almost dead.
Things that are here:
a club x2; a goblin corpse You hit the orc but do no damage.
Your tail-slap misses the orc.
The orc is almost dead.
The kobold barely misses you.
You riposte.
You barely miss the kobold. You tail-slap the kobold.
The kobold is severely wounded.
The orc hits you with a morningstar!
You die...

... #.# #.#### # #.# #
##.#... #.#.# . .. ......
#.#.# ...# ##.#.## #.#?##
...###†...# ##.##/...
.....#.<...##
#.....$.######........††...#
.......[.go@...####.#......#
#...#.#.##K##### # ##...#.#
# # #.##.# #.###..#.# ..##.#
#.# #..#.# ..###.## #.#
#..#.# .#. #..# #.# #..#.#
#.#. ##.# #.# #....# # #.
#.# ##.###.(...
#.####.######...###..##


You could see a gnoll, an orc and a kobold.

Vanquished Creatures
  Sigmund (D:2)
  The ghost of Rzns the Shooter, an amateur CeHu (D:3)
  A gnoll (D:3)
  An adder (D:2)
  3 worms (D:2)
  3 dart slugs
  A leopard gecko (D:1)
  9 bats
  7 giant cockroaches
  6 goblins
  5 hobgoblins
  6 jackals
  8 kobolds
  3 quokkas
  A ball python (D:2)
  4 rats
60 creatures vanquished.

Notes
Turn   | Place    | Note
-------+----------+-------------------------------------------
     0 | D:1      | polly the Draconian Berserker began the quest for the Orb.
     0 | D:1      | Reached XP level 1. HP: 19/19 MP: 1/1
   304 | D:1      | Reached XP level 2. HP: 22/26 MP: 2/2
   769 | D:2      | Reached XP level 3. HP: 27/33 MP: 3/3
   908 | D:2      | Found a stormy altar of Qazlal.
   911 | D:2      | Found a hide-covered altar of Uskayaw.
   914 | D:2      | Reached ** piety under Trog
   938 | D:2      | Noticed Sigmund
   951 | D:2      | Killed Sigmund
   951 | D:2      | Reached skill level 5 in Long Blades
   951 | D:2      | Reached XP level 4. HP: 23/40 MP: 4/4
   951 | D:2      | Reached XP level 5. HP: 26/46 MP: 5/5
  1048 | D:2      | Found a shimmering altar of Xom.
  1646 | D:3      | Noticed Rzns's ghost (amateur CeHu)
  1670 | D:3      | Killed Rzns's ghost
  1670 | D:3      | Reached skill level 1 in Stealth
  1670 | D:3      | Reached XP level 6. HP: 30/53 MP: 6/6
  1677 | D:3      | Slain by an orc

Vault maps used:
D:1:      lightli_arrival_maybe_door_vault, nrook_uturn,
          minmay_misc_feat_nine_boxes, minmay_tetromino_l2
D:2:      grunt_temple_overflow_open, first_bread, minmay_bisected, uniq_sigmund

Skill      XL: |  1  2  3  4  5 |
---------------+----------------+-----
Dodging        | 3 |  3.9
Fighting       | 4 |  4.5
Long Blades    | 5 |  5.5
Stealth        | 1 |  1.0

Action                   |  1- 3 |  4- 6 || total
-------------------------+-------+-------++-------
Melee: Falchion          |    93 |    92 ||   185
       Tailslap          |    12 |    13 ||    25
 Stab: Sleeping          |     1 |     1 ||     2
  Eat: Chunk             |       |     2 ||     2
Armor: Skin              |    27 |    34 ||    61
Dodge: Dodged            |    65 |    60 ||   125
       Rpst.: Falchion   |    21 |    26 ||    47
